 Dungeon Crawl Stone Soup version 0.30-a0-457-g4b7bca3bfa (webtiles) character file.

Game seed: 4523712999578610189

199810 oldmanjim the Warrior (level 18, -6/206 HPs)
             Began as an Ogre Transmuter on Nov 21, 2022.
             Was an Elder of the Shining One.
             Mangled by a jorogumo (19 damage)
             ... on level 2 of the Spider Nest on Dec 13, 2022.
             The game lasted 06:01:25 (47392 turns).

oldmanjim the Warrior (Ogre Transmuter)            Turns: 47392, Time: 06:01:25

Health: -6/206     AC: 19    Str: 19    XL:     18   Next: 49%
Magic:  29/36      EV: 21    Int: 18    God:    the Shining One [****..]
Gold:   1662       SH: 11    Dex: 15    Spells: 10/45 levels left

rFire   . . .      SeeInvis .      - Unarmed
rCold   . . .      Faith    .    (shield currently unavailable)
rNeg    + + .      Spirit   .    (body armour currently unavailable)
rPois   ∞          Reflect  .    (helmet currently unavailable)
rElec   +          Harm     .    (cloak currently unavailable)
rCorr   +          Rampage  .    (gloves unavailable)
Will    +....                    (boots unavailable)
Stlth   +.........               j - amulet of the Equinox {RegenMP rCorr Dex+3 Slay+3}
HPRegen 0.54/turn                Z - ring "Isidom" {AC+4 Dex+3 Stlth+}
MPRegen 0.65/turn                C - +4 ring of evasion

@: divinely shielded, storm-form, flying, glowing
A: cleaving, insubstantial, flying, large, unfitting armour, (tough skin 1),
(iridescent scales 1), dopey 1
}: 1/15 runes: decaying
a: Blinkbolt, End Transformation, Renounce Religion, Divine Shield, Cleansing
Flame


You were on level 2 of the Spider Nest.
You worshipped the Shining One.
The Shining One was greatly pleased with you.
You were a lightning-filled tempest!
You visited 6 branches of the dungeon, and saw 29 of its levels.
You also visited: Sewer and Ice Cave.

You collected 2600 gold pieces.
You spent 938 gold pieces at shops.

Inventory:

Hand Weapons
 a - a +3 hand crossbow
 o - the +3 trident "Qaolaosch" {speed, rC++ Str+4 Dex-3 Stlth+}
   (You found it on level 4 of the Dungeon)

   Attacks with this weapon are significantly faster.
   Str:       It affects your strength (+4).
   Dex:       It affects your dexterity (-3).
   rC:        It greatly protects you from cold.
   Stlth:     It makes you more stealthy.
Missiles
 e - 45 poisoned darts
 g - 6 silver javelins
 y - 47 large rocks
 A - 5 throwing nets
 I - 33 boomerangs (quivered)
 O - 15 javelins
Armour
 G - an orb of light
 P - a +1 cloak (melded)
 Q - +1 steam dragon scales (melded)
Jewellery
 b - a ring of ice
 j - the amulet of the Equinox (around neck) {RegenMP rCorr Dex+3 Slay+3}
   (You acquired it on level 10 of the Dungeon)

   [amulet of magic regeneration]

   It increases your rate of magic regeneration.
   Dex:       It affects your dexterity (+3).
   Slay:      It affects your accuracy & damage with ranged weapons and melee
   (+3).
   rCorr:     It protects you from acid and corrosion.
 z - a ring of fire
 C - a +4 ring of evasion (right fist)
 H - a ring of flight
 U - a ring of positive energy
 V - an amulet of reflection
 X - a ring of poison resistance
 Z - the ring "Isidom" (left fist) {AC+4 Dex+3 Stlth+}
   (You found it on level 3 of the Lair of Beasts)

   [ring of protection]

   AC:        It affects your AC (+4).
   Dex:       It affects your dexterity (+3).
   Stlth:     It makes you more stealthy.
Wands
 c - a wand of iceblast (21)
 u - a wand of polymorph (16)
 E - a wand of mindburst (26)
 K - a wand of digging (4)
 T - a wand of flame (34)
Scrolls
 d - 10 scrolls of teleportation
 f - 6 scrolls of immolation
 l - 5 scrolls of amnesia
 m - 5 scrolls of enchant weapon
 v - 2 scrolls of poison
 x - 6 scrolls of enchant armour
 D - 7 scrolls of fear
 F - a scroll of brand weapon
 M - 5 scrolls of summoning
 S - 4 scrolls of magic mapping
 W - 15 scrolls of identify
Potions
 h - 5 potions of berserk rage
 i - a potion of cancellation
 k - 5 potions of attraction
 n - 2 potions of lignification
 p - a potion of ambrosia
 q - 8 potions of brilliance
 r - 4 potions of heal wounds
 s - 15 potions of curing
 t - 3 potions of might
 w - 4 potions of haste
 B - 5 potions of mutation
 L - 2 potions of magic
 N - 6 potions of resistance
Miscellaneous
 Y - a box of beasts


   Skills:
 + Level 18.9 Fighting
 - Level 5.0 Dodging
 + Level 14.2 Unarmed Combat
 - Level 14.0 Spellcasting
 - Level 4.0 Conjurations
 - Level 2.0 Translocations
 - Level 14.0 Transmutations
 - Level 7.0 Ice Magic
 + Level 11.2 Air Magic
 - Level 2.0 Poison Magic
 - Level 12.0 Invocations


You had 10 spell levels left.
You knew the following spells:

 Your Spells              Type           Power      Damage    Failure   Level
a - Searing Ray           Conj           54%        2d6       1%          2
b - Wereblood             Tmut           58%        N/A       1%          2
c - Silence               Hex/Air        16%        N/A       14%         5
d - Ice Form              Ice/Tmut       50%        N/A       1%          4
e - Ozocubu's Armour      Ice            37%        N/A       1%          3
f - Blink                 Tloc           38%        N/A       3%          2
g - Freezing Cloud        Conj/Ice/Air   19%        6-21      7%          5
h - Storm Form            Tmut/Air       27%        N/A       26%         7
i - Alistair's Intoxicat  Tmut/Pois      27%        N/A       5%          5

Your spell library contained the following spells:

 Spells                   Type           Power      Damage    Failure   Level
 Beastly Appendage        Tmut           100%       N/A       0%          1
 Magic Dart               Conj           100%       1d8       1%          1
 Shock                    Conj/Air       100%       1d9       1%          1
 Ignite Poison            Fire/Tmut/Pois 31%        N/A       1%          3
 Mephitic Cloud           Conj/Pois/Air  33%        N/A       1%          3
 Spider Form              Tmut/Pois      41%        N/A       1%          3
 Swiftness                Air            52%        N/A       1%          3
 Airstrike                Air            26%        2d(4-20)  1%          4
 Blade Hands              Tmut           29%        N/A       1%          5
 Apportation              Tloc           38%        N/A       2%          1
 Momentum Strike          Conj/Tloc      46%        3d9       2%          2
 Kindle Blastsparks       Fire/Tloc/Air  56%        2d14      2%          3
 Petrify                  Tmut/Erth      37%        N/A       3%          4
 Necrotise                Necr           48%        1d6       5%          1
 Summon Small Mammal      Summ           48%        N/A       5%          1
 Summon Lightning Spire   Summ/Air       32%        N/A       5%          4
 Lesser Beckoning         Tloc           38%        N/A       7%          3
 Call Imp                 Summ           12%        N/A       8%          2
 Yara's Violent Unravell  Hex/Tmut       18%        3d9       9%          5
 Portal Projectile        Hex/Tloc       32%        N/A       11%         3
 Call Canine Familiar     Summ           12%        N/A       16%         3
 Inner Flame              Hex/Fire       12%        N/A       16%         3
 Summon Guardian Golem    Hex/Summ       12%        N/A       16%         3
 Tukima's Dance           Hex            12%        N/A       16%         3
 Flame Wave               Conj/Fire      19%        2d7       22%         4
 Fulminant Prism          Conj/Hex       9%         3d6       22%         4
 Passage of Golubria      Tloc           19%        N/A       22%         4
 Sticky Flame             Conj/Fire      19%        2d4       22%         4
 Metabolic Englaciation   Hex/Ice        12%        N/A       34%         5
 Statue Form              Tmut/Erth      24%        N/A       41%         6
 Ozocubu's Refrigeration  Ice            18%        4d11      94%         7
 Maxwell's Capacitive Co  Air            26%        ∞         98%         8
 Ignition                 Fire           6%         3d4       100%        8
 Lehudib's Crystal Spear  Conj/Erth      9%         10d4      100%        8


Dungeon Overview and Level Annotations

Branches:
Dungeon (15/15)            Temple (1/1) D:5            Lair (5/5) D:11
  Swamp (4/4) Lair:3       Spider (2/4) Lair:2        Slime (0/5) Lair:4
    Orc (2/2) D:10            Elf (0/3) Orc:2        Vaults (0/5) D:14
 Depths (0/4) D:15          Sewer (visited)           IceCv (visited)

Altars:
Ashenzari
Cheibriados
Dithmenos
Elyvilon
Fedhas
Gozag
Hepliaklqana
Kikubaaqudgha
Makhleb
Nemelex Xobeh
Okawaru
Qazlal
Ru
Sif Muna
Trog
Uskayaw
Vehumet
Wu Jian
Xom
Yredelemnul
Zin
The Shining One
Jiyva

Shops:
D:8 :   Orc:1 [   Orc:2 [((([

Portals:
Trove: D:13 (give +5 demon whip)


Innate Abilities, Weirdness & Mutations

You are a lightning-filled tempest!
Your electrical attacks strike out in all directions at once.
You are incredibly evasive.
Your insubstantial body is immune to petrification, constriction, and being set on fire You are flying.
You are immune to poison.
Your armour is entirely melded.
You are incapable of wielding weapons or throwing items.
You are too large for most types of armour.
((You have tough skin. (AC +1)))
((You are partially covered in iridescent scales. (AC +2)))
You are dopey. (Int -2)


Message History

The demonic crawler shrieks in warning!
You hear a faint skittering sound. x3
The web tears apart.
The tarantella closely misses you. The wolf spider barely misses you.
The wolf spider bites you but does no damage.
The jorogumo hits you! The wolf spider hits you.
* * * LOW HITPOINT WARNING * * *
The wolf spider barely misses you.
The tarantella touches you but does no damage.
The wolf spider hits you but does no damage.
The wolf spider bites you.
* * * LOW HITPOINT WARNING * * *
The demonic crawler shrieks in warning!
The jorogumo barely misses you.
You hear a skittering sound.
You hear a faint skittering sound. x4
You hear a shout!
You blast the jorogumo!!!
You punch the jorogumo.
The jorogumo is severely wounded.
You buffet the wolf spider!
You hit the wolf spider.
You blast the tarantella!!!
Lightning courses through the tarantella!
You kill the tarantella!
You hear a faint skittering sound.
The wolf spider hits you!
* * * LOW HITPOINT WARNING * * *
The wolf spider bites you but does no damage.
The wolf spider closely misses you.
The wolf spider bites you but does no damage.
The wolf spider misses you. The wolf spider completely misses you.
A divine shield forms around you!
The demonic crawler shrieks in warning!
The jorogumo hits you!
* * * LOW HITPOINT WARNING * * *
The wolf spider hits you!
* * * LOW HITPOINT WARNING * * *
You block the wolf spider's attack. The wolf spider hits you.
* * * LOW HITPOINT WARNING * * *
The wolf spider bites you but does no damage.
The jorogumo hits you!!
You die...

#..##....##[##.†.... ##
###....###..#.......#.
#..#.>...##....#...###...
#.##..##.#....##.†.....#
....##..#.##....#..##..
..#.......#.#..#..##..##^
..###s.#..#..#.....#...#.
#.^....#.s##..#..########
...#sHv#^#^.#..#...^..#
###..s.s...##....†(^...
#...#..#^.s.##.....###..
....#.^##..#......†##
.#..$^# ..##......# ###..
#.#......## ... #.###....
.?.# ^##.!.^.. ...^...


You could see a jorogumo, 3 demonic crawlers, 2 wolf spiders and an orb spider.

Vanquished Creatures
  the Lernaean hydra (Swamp:4)
  Nikola (Swamp:3)
  Jorgrun (Swamp:1)
  3 thorn hunters
  2 fenstrider witches (Swamp:3)
  2 emperor scorpions (Spider:2)
  2 orc warlords
  A frost giant (D:15)
  The ghost of porpoise the Cleaver, a journeyman AtFi of Okawaru (Lair:3)
  5 eleionomae
  A spark wasp (Spider:1)
  The ghost of p00ps00p the Cleaver, a journeyman HOFi of Gozag (Orc:2)
  10 bunyips
  An ettin (Orc:2)
  An entropy weaver (Spider:1)
  Josephine (Swamp:1)
  Harold (D:8)
  20 hydras
  An ogre mage (D:15)
  A spriggan air mage (Swamp:1)
  3 catoblepae
  3 ghost crabs
  2 jorogumos
  3 boulder beetles
  5 centaur warriors
  12 two-headed ogres
  Urug (Lair:5)
  3 alligators
  4 death yaks
  6 tengu warriors
  A deep troll shaman (Lair:5)
  3 spriggan berserkers
  6 goliath frogs
  3 pharaoh ants
  A death drake (Swamp:3)
  14 swamp dragons
  10 spriggan druids
  2 sun moths (Spider:2)
  2 steelbarb worms (Spider:2)
  7 bog bodies
  3 orb spiders
  A wizard (D:15)
  2 orc knights
  2 necromancers
  4 deep elf pyromancers
  5 ugly things
  13 wolf spiders
  11 cyclopes
  7 slime creatures
  An oklob plant (D:11)
  3 orc sorcerers
  4 will-o-the-wisps
  3 ice statues (IceCv)
  A moth of wrath (Spider:2)
  A manticore (D:15)
  30 elephants
  A torpor snail (Spider:1)
  4 black mambas
  4 gargoyles
  19 cane toads
  An unseen horror (D:11)
  2 anaconda simulacra (IceCv)
  An efreet (D:12)
  2 rime drakes
  4 demonic crawlers
  A kobold demonologist (D:13)
  9 komodo dragons
  5 trolls
  3 meliai (Spider:2)
  2 bloated husks
  A wind drake (shapeshifter) (D:14)
  3 polar bears
  11 tarantellas
  14 blink frogs
  6 tyrant leeches
  24 hornets
  8 dream sheep
  13 jumping spiders
  3 shadows
  9 wraiths
  27 spriggans
  14 culicivoras
  40 yaks
  3 wyverns
  3 death yak simulacra (Orc:2)
  24 vampire mosquitoes
  A steam dragon (D:7)
  8 basilisks
  18 redbacks
  3 wargs
  17 swamp worms
  3 acid dragons
  A hydra simulacrum (IceCv)
  3 sky beasts
  19 water moccasins
  8 swamp drakes
  A black bear (Lair:5)
  31 orc warriors
  14 wolves
  10 centaurs
  13 ogres
  3 kobold brigands
  18 bullfrogs
  6 scorpions
  A cane toad simulacrum (IceCv)
  2 gnoll sergeants (D:6)
  3 necrophages
  2 two-headed ogre simulacra (Orc:2)
  3 wights (D:9)
  6 killer bees
  3 elephant simulacra (IceCv)
  An electric eel (D:8)
  10 hounds
  19 orc priests
  4 gnoll boudas
  An iguana (D:6)
  Natasha (thrice) (D:2)
  21 orc wizards
  A troll simulacrum (Orc:2)
  12 hell rats
  2 wolf simulacra
  A polar bear simulacrum (IceCv)
  A boggart simulacrum (D:14)
  9 adders
  25 gnolls
  A naga simulacrum (Orc:2)
  4 river rats
  A shadow imp (D:6)
  2 white imps (D:6)
  3 worms
  2 dart slugs
  97 orcs
  2 endoplasms
  7 giant cockroaches
  5 goblins
  5 hobgoblins
  6 jackals
  13 kobolds
  A quokka (D:4)
  6 ball pythons
  7 bats
  3 frilled lizards
  8 rats
  8 briar patches (Swamp:3)
988 creatures vanquished.

Vanquished Creatures (others)
  An eleionoma (Swamp:4)
  A bog body (Swamp:3)
  A deep elf pyromancer (D:13)
  A will-o-the-wisp (Swamp:4)
  3 briar patches (Swamp:4)
  14 foxfires
  27 fungi
  68 plants
116 creatures vanquished.

Grand Total: 1104 creatures vanquished

Notes
Turn   | Place    | Note
-------+----------+-------------------------------------------
     0 | D:1      | oldmanjim the Ogre Transmuter began the quest for the Orb.
     0 | D:1      | Reached XP level 1. HP: 19/19 MP: 3/3
   145 | D:1      | Reached XP level 2. HP: 18/27 MP: 5/5
   221 | D:1      | Found a faded altar of an unknown god.
   227 | D:1      | Prayed at the altar of an unknown god.
   227 | D:1      | Became a worshipper of Elyvilon the Healer
   227 | D:1      | Reached * piety under Elyvilon
   303 | D:1      | Learned a level 2 spell: Wereblood
   915 | D:2      | Reached XP level 3. HP: 33/33 MP: 3/7
   994 | D:2      | Noticed Natasha
  1011 | D:2      | Killed Natasha
  1119 | D:1      | Learned a level 3 spell: Spider Form
  1207 | D:2      | Reached XP level 4. HP: 34/41 MP: 6/9
  1272 | D:2      | Noticed Natasha
  1280 | D:2      | Killed Natasha
  1281 | D:2      | Reached skill level 2 in Fighting
  1293 | D:2      | Reached skill level 1 in Poison Magic
  1293 | D:2      | Reached XP level 5. HP: 16/49 MP: 8/11
  1586 | D:2      | Identified the +9 dagger of Wu Jian, Burning {holy, Fly rN+
                  | Str+2 Int-5}
  1645 | D:2      | Reached ** piety under Elyvilon
  1646 | D:2      | Noticed Natasha
  1657 | D:2      | Killed Natasha
  2833 | D:4      | Reached XP level 6. HP: 45/57 MP: 12/12
  2838 | D:4      | Learned a level 4 spell: Ice Form
  2879 | D:4      | Found a glowing drain.
  2999 | Sewer    | Entered a sewer
  3522 | D:4      | Identified the +3 trident "Qaolaosch" {speed, rC++ Str+4
                  | Dex-3 Stlth+}
  3676 | D:4      | Reached skill level 5 in Spellcasting
  3676 | D:4      | Reached XP level 7. HP: 38/66 MP: 14/14
  3785 | D:4      | Found an opulent altar of Gozag.
  4148 | D:4      | Reached skill level 3 in Fighting
  4439 | D:4      | Reached *** piety under Elyvilon
  4598 | D:5      | Entered Level 5 of the Dungeon
  4823 | D:5      | Found a large runed translucent door.
  4824 | D:5      | Found a large runed translucent door.
  4866 | D:5      | Reached skill level 1 in Ice Magic
  5340 | D:5      | Found a staircase to the Ecumenical Temple.
  5349 | Temple   | Entered the Ecumenical Temple
  5759 | D:5      | Reached skill level 4 in Fighting
  5897 | D:5      | Found a glowing silver altar of Zin.
  5994 | D:5      | Found a sparkling altar of Nemelex Xobeh.
  6001 | D:5      | Reached XP level 8. HP: 78/78 MP: 14/16
  6623 | D:6      | Reached skill level 5 in Unarmed Combat
  6626 | D:6      | Reached skill level 5 in Transmutations
  6644 | D:6      | Reached **** piety under Elyvilon
  7123 | D:6      | Reached XP level 9. HP: 84/84 MP: 18/18
  7753 | D:7      | Reached skill level 1 in Invocations
  7800 | D:7      | Found a hide-covered altar of Uskayaw.
  8080 | D:7      | Reached skill level 5 in Fighting
  8836 | D:8      | Reached skill level 6 in Fighting
  9080 | D:8      | Found Petollenn's Book Emporium.
  9610 | D:8      | Noticed a hornet
  9620 | D:8      | Killed a hornet
  9621 | D:8      | Reached XP level 10. HP: 85/98 MP: 9/19
 10293 | D:9      | Found an ancient bone altar of Kikubaaqudgha.
 10493 | D:9      | Learned a level 3 spell: Ozocubu's Armour
 10496 | D:9      | Learned a level 2 spell: Blink
 10849 | D:9      | Paralysed by a hornet for 3 turns
 10855 | D:9      | Paralysed by a hornet for 1 turns
 10977 | D:9      | Noticed Harold
 10983 | D:9      | Reached ***** piety under Elyvilon
 11004 | D:8      | Killed Harold
 11005 | D:8      | Reached skill level 5 in Invocations
 11532 | D:10     | Entered Level 10 of the Dungeon
 11538 | D:10     | Noticed a cyan ugly thing
 11571 | D:10     | Identified a scroll of acquirement
 11571 | D:10     | Acquired the amulet of the Equinox {RegenMP rCorr Dex+3
                  | Slay+3}
 11640 | D:10     | Reached skill level 1 in Translocations
 11853 | D:10     | Killed a cyan ugly thing
 11861 | D:10     | Noticed a gargoyle
 11944 | D:9      | Killed a gargoyle
 12111 | D:10     | Reached XP level 11. HP: 37/105 MP: 21/21
 12315 | D:9      | Upgraded the game from 0.30-a0-371-gad7725a93e to
                  | 0.30-a0-373-gd37427bb62
 12562 | D:10     | Found the amulet of the Air {Inacc Air Fly rElec RMsl}
 12788 | D:10     | Found a staircase to the Orcish Mines.
 13173 | D:11     | Reached skill level 5 in Ice Magic
 13374 | D:11     | Noticed an oklob plant
 13388 | D:11     | Found a staircase to the Lair.
 13454 | D:11     | Noticed a cyclops
 13464 | D:11     | Killed a cyclops
 13602 | D:11     | Paralysed by a hornet for 2 turns
 13820 | D:11     | Noticed Sonja
 13841 | D:11     | Pacified Sonja
 14514 | D:11     | Killed an oklob plant
 14523 | Lair:1   | Entered Level 1 of the Lair of Beasts
 15102 | Lair:1   | Reached XP level 12. HP: 114/114 MP: 21/25
 15420 | Lair:1   | Reached skill level 10 in Unarmed Combat
 15420 | Lair:1   | Upgraded the game from 0.30-a0-373-gd37427bb62 to
                  | 0.30-a0-374-g95c0257040
 15533 | Lair:1   | Upgraded the game from 0.30-a0-374-g95c0257040 to
                  | 0.30-a0-385-gfebfb9b408
 16254 | Lair:2   | Reached skill level 7 in Fighting
 16572 | Lair:2   | Reached skill level 8 in Fighting
 16978 | Lair:2   | Reached skill level 10 in Invocations
 17042 | Lair:2   | Found a hole to the Spider Nest.
 17077 | Lair:2   | Reached XP level 13. HP: 83/127 MP: 26/26
 17901 | Lair:3   | Found a runed translucent door.
 17903 | Lair:3   | Noticed porpoise's ghost (journeyman AtFi)
 18178 | Lair:3   | Reached skill level 5 in Dodging
 18296 | Lair:3   | Reached skill level 10 in Spellcasting
 18835 | D:8      | Bought a manual of Fighting for 880 gold pieces
 18835 | D:8      | Upgraded the game from 0.30-a0-385-gfebfb9b408 to
                  | 0.30-a0-451-ge042605de7
 19589 | Lair:3   | Found a staircase to the Swamp.
 19752 | Lair:4   | Reached skill level 9 in Fighting
 19985 | Lair:4   | Reached XP level 14. HP: 141/141 MP: 28/28
 19990 | Lair:4   | Reached skill level 10 in Fighting
 20411 | Lair:4   | Found a staircase to the Slime Pits.
 20414 | Lair:4   | Found a viscous altar of Jiyva.
 20579 | Lair:4   | Reached skill level 11 in Fighting
 20863 | Lair:5   | Entered Level 5 of the Lair of Beasts
 21583 | Lair:5   | Reached skill level 12 in Fighting
 22071 | Lair:5   | Reached skill level 13 in Fighting
 22380 | Lair:5   | Reached ****** piety under Elyvilon
 22381 | Lair:5   | Noticed Urug
 22398 | Lair:5   | Killed Urug
 22758 | Lair:5   | Found a hazy altar of Hepliaklqana.
 22986 | Lair:5   | Reached skill level 14 in Fighting
 23136 | Lair:5   | Noticed a dire elephant
 23145 | Lair:5   | Pacified a dire elephant
 23328 | Lair:5   | Learned a level 2 spell: Searing Ray
 23334 | Lair:5   | Learned a level 5 spell: Freezing Cloud
 23657 | Orc:1    | Entered Level 1 of the Orcish Mines
 23846 | Orc:2    | Entered Level 2 of the Orcish Mines
 23917 | Orc:2    | Found a staircase to the Elven Halls.
 23918 | Orc:2    | Found a frozen archway.
 24052 | IceCv    | Entered an ice cave
 24065 | IceCv    | Reached skill level 1 in Conjurations
 24653 | IceCv    | Learned a level 7 spell: Storm Form
 24754 | Orc:2    | Noticed an orc warlord
 24973 | Orc:1    | Killed an orc warlord
 24974 | Orc:1    | Reached XP level 15. HP: 87/155 MP: 30/30
 25758 | Orc:2    | Found a transporter.
 25761 | Orc:2    | Noticed p00ps00p's ghost (journeyman HOFi)
 25762 | Orc:2    | Found a transporter.
 25762 | Orc:2    | Identified the +2 great mace of Utymes {antimagic, rCorr}
 25769 | Orc:2    | Reached skill level 1 in Air Magic
 26040 | Orc:2    | Found Eheulu's Firing Range.
 26044 | Orc:2    | Bought a throwing net for 30 gold pieces
 26044 | Orc:2    | Bought 4 large rocks for 28 gold pieces
 26128 | Orc:1    | Found Xedai's Antique Armour Shoppe.
 26585 | Orc:2    | Reached skill level 15 in Fighting
 26602 | Orc:2    | Noticed an orc warlord
 26634 | Orc:2    | Killed an orc warlord
 27141 | Orc:2    | Found Vealink's Armour Shop.
 27431 | Orc:2    | Found Aclootypn's Antique Weapon Shoppe.
 27555 | Orc:2    | Found Vulyzosm's Antique Weapon Boutique.
 27557 | Orc:2    | Found Orphafuga's Antique Armour Shop.
 27642 | Orc:2    | Learned a level 5 spell: Alistair's Intoxication
 27994 | D:12     | Found a sparkling altar of Nemelex Xobeh.
 29088 | D:13     | Found a portal to a secret trove of treasure.
 29699 | D:14     | Reached skill level 16 in Fighting
 30091 | D:14     | Found a gate to the Vaults.
 30917 | D:15     | Entered Level 15 of the Dungeon
 30947 | D:15     | Reached skill level 10 in Transmutations
 31051 | D:15     | Reached skill level 17 in Fighting
 31684 | D:15     | Reached skill level 5 in Air Magic
 31886 | D:15     | Reached XP level 16. HP: 183/183 MP: 29/31
 32493 | D:15     | Found a staircase to the Depths.
 32938 | Swamp:1  | Entered Level 1 of the Swamp
 33811 | Swamp:1  | Reached skill level 18 in Fighting
 34104 | Swamp:1  | Noticed Josephine
 34450 | Swamp:1  | Killed Josephine
 34513 | Swamp:1  | Noticed Jorgrun
 35108 | Swamp:1  | Killed Jorgrun
 37852 | Swamp:1  | HP: 12/277 [spriggan berserker/+2 antimagic hand axe (14)]
 38274 | Swamp:1  | Learned a level 5 spell: Blade Hands
 38466 | Swamp:3  | Reached XP level 17. HP: 193/193 MP: 29/33
 38896 | Swamp:3  | HP: 6/231 [thorn hunter (11)]
 38920 | Swamp:3  | Noticed Nikola
 40183 | Swamp:3  | Killed Nikola
 40951 | Swamp:3  | HP: 6/231 [fenstrider witch (6)]
 40953 | Swamp:3  | Paralysed by a fenstrider witch for 2 turns
 40954 | Swamp:3  | HP: 1/231 [fenstrider witch (10)]
 40954 | Swamp:3  | Elyvilon protects you from harm!
 41566 | Swamp:3  | Upgraded the game from 0.30-a0-451-ge042605de7 to
                  | 0.30-a0-457-g4b7bca3bfa
 41687 | Swamp:4  | Entered Level 4 of the Swamp
 42518 | Swamp:4  | Noticed the 27-headed Lernaean hydra
 42530 | Swamp:4  | Killed the 27-headed Lernaean hydra
 42555 | Swamp:4  | Reached skill level 10 in Air Magic
 42832 | Swamp:3  | Gained mutation: You are partially covered in iridescent
                  | scales. (AC +2) [mutagenic glow]
 43529 | Swamp:4  | Got a decaying rune of Zot
 43968 | Lair:3   | Killed porpoise's ghost
 43973 | Lair:3   | Identified the ring "Isidom" {AC+4 Dex+3 Stlth+}
 43989 | Lair:3   | Learned a level 5 spell: Silence
 44188 | Orc:2    | Killed p00ps00p's ghost
 44582 | Spider:1 | Entered Level 1 of the Spider Nest
 44600 | Spider:1 | Reached XP level 18. HP: 204/204 MP: 36/36
 45166 | Spider:1 | Gained mutation: You are dopey. (Int -2) [mutagenic glow]
 46150 | Temple   | Fell from the grace of Elyvilon
 46150 | Temple   | Became a worshipper of the Shining One
 46150 | Temple   | Reached * piety under the Shining One
 46150 | Temple   | Reached ** piety under the Shining One
 46692 | Spider:2 | Reached *** piety under the Shining One
 47296 | Spider:2 | Reached **** piety under the Shining One
 47392 | Spider:2 | Mangled by a jorogumo

Illustrated notes

Levels and vault maps discovered:
D:1:      dpeg_arrival_simpleton_a, layout_loops_ring,
          dreamdust_ecumenical_altar_angels_and_demons
D:2:      minmay_wonky_spiral, layout_rooms, uniq_natasha
D:3:      layout_loops_ring, small_statue_intersection
D:4:      layout_basic, mainiacjoe_overflow_concentric_impassable,
          gup_sewer_entry_bubbles, roderic_st_hans_cross
D:5:      layout_rooms, jmf_multi_god_temple2, minmay_temple_entry_stoned_glass
D:6:      layout_cave_pools, serial_gnoll_camp, gnoll_camp_mini_loothouse,
          gnoll_camp_huts_moat, gnoll_camp_mini_basic, gnoll_camp_mini_basic,
          hangedman_decor_points, grunt_decor_resistance
D:7:      layout_basic, mainiacjoe_overflow_cross_hatched
D:8:      layout_basic, serial_bayou, serial_bayou_pond_d, serial_bayou_pond_b,
          serial_bayou_pond_c, serial_bayou_pond_c, serial_shops,
          nicolae_shop_behind_doors
D:9:      layout_big_octagon, nicolae_kikubaaqudgha_miasma_corner, uniq_harold
D:10:     minmay_evil_eye, layout_rooms, orc_0_dummy
D:11:     layout_loops_cross, dpeg_oklobed_lair, corexii_leaking_fountain,
          hangedman_abyss_or_decor_passed, uniq_sonja
D:12:     layout_cave_pools, nemelex_diamond_rough_becter
D:13:     layout_cave_pods, nicolae_trove_entry_diagonal, palyth_stone_intersect
D:14:     layout_loops_cross, david_vaults_1, minmay_misc_feat_x
D:15:     grunt_enter_depths_snipers, layout_loops_ring,
          grunt_decor_mini_mirrors
Temple:   minmay_temple_bridge_d
Lair:1:   layout_gridlike, beast_lair_carwin_6, serial_bayou_shore_a
Lair:2:   layout_chaotic_city, nicolae_spider_entry_tight_spaces
Lair:3:   nzn_winding_woodlands_medium [nzn_winding_woodlands_5x5_default,
          nzn_winding_woodlands_5x15_cabin, nzn_winding_woodlands_hourglass,
          nzn_winding_woodlands_5x5_default,
          nzn_winding_woodlands_center_pierced_h,
          nzn_winding_woodlands_5x5_checkerboard,
          nzn_winding_woodlands_5x5_open_star,
          nzn_winding_woodlands_5x15_pathside_ponds,
          nzn_winding_woodlands_5x5_closed_star], layout_gridlike,
          palyth_hydra_swamp_entry, ebering_ghost_inner_flame,
          serial_bayou_ford_a
Lair:4:   layout_concentric_octagons, slime_entry_1, beast_lair_carwin_5
Lair:5:   grunt_lair_end_beastmaster, layout_hall_layers, basic_altar,
          grunt_megastairs_4, uniq_urug
Swamp:1:  nicolae_swamp_secret_spriggan_hideout, layout_basic_swamp,
          evilmike_swamp_ruin_rubble_1, uniq_josephine, uniq_jorgrun
Swamp:2:  layout_basic_swamp, evilmike_swamp_ruin_wall, swamp_pool3,
          nicolae_swamp_bunyip_nook
Swamp:3:  nicolae_swamp_standing_stones, layout_basic_swamp,
          hangedman_swamp_ruin_hall, swamp_pool1, infiniplex_staircase_pool_2,
          uniq_nikola
Swamp:4:  swamp_old_school, layout_basic_swamp, swamp_pool1,
          infiniplex_staircase_pool
Spider:1: layout_spider_delve
Spider:2: nicolae_spider_corner
Orc:1:    layout_caves, serial_shops, shop, nicolae_orc_flooded_monolith
Orc:2:    grunt_orc_community_town_hall, layout_caves,
          grunt_orc_community_big_house_2, grunt_orc_community_big_house_2,
          grunt_orc_community_house_3, grunt_orc_community_house_3,
          grunt_orc_community_house_2, grunt_orc_community_house_1,
          grunt_orc_community_house_1, portal_ice_cave_entry_ice_simulacra,
          gammafunk_ghost_smash, nicolae_shop_firing_range

Skill      XL: |  1  2  3  4  5  6  7  8  9 10 11 12 13 14 15 16 17 18 |
---------------+-------------------------------------------------------+-----
Transmutations | 2 3 4 5 6 7 8 9 10 12 13 14 | 14.0
Spellcasting   | 3 4 5 6 7 9 10 11 12 14 | 14.0
Fighting       | 2 4 6 8 9 14 17 18 | 18.9
Poison Magic   | 1 2 |  2.0
Unarmed Combat | 3 4 5 7 8 9 11 12 13 14 | 14.2
Ice Magic      | 2 3 4 5 6 7 |  7.0
Dodging        | 3 4 5 |  5.0
Invocations    | 3 5 8 10 11 12 | 12.0
Translocations | 2 |  2.0
Conjurations   | 1 4 |  4.0
Air Magic      | 5 8 10 11 | 11.2

Action                   |  1- 3 |  4- 6 |  7- 9 | 10-12 | 13-15 | 16-18 || total
-------------------------+-------+-------+-------+-------+-------+-------++-------
Melee: Unarmed           |    72 |   196 |   244 |   464 |   996 |   606 ||  2578
       Kick              |    17 |    33 |     6 |       |       |       ||    56
       Headbutt          |     7 |    18 |     1 |       |       |       ||    26
       Punch             |     2 |     1 |     2 |       |       |    33 ||    38
       Dagger            |       |     2 |       |       |       |       ||     2
 Fire: Shortbow          |       |       |   236 |    67 |    45 |       ||   348
       Arbalest          |       |       |       |       |    43 |    13 ||    56
Throw: Stone             |     1 |       |    33 |       |       |       ||    34
       Dart              |       |       |       |       |     4 |     1 ||     5
       Boomerang         |       |       |       |       |       |     4 ||     4
 Cast: Beastly Appendage |    16 |    27 |     5 |       |       |       ||    48
       Wereblood         |     5 |     8 |     3 |    12 |    28 |       ||    56
       Spider Form       |       |     6 |    21 |       |     2 |       ||    29
       Ice Form          |       |       |    22 |    52 |    99 |    56 ||   229
       Ozocubu's Armour  |       |       |       |    13 |    20 |       ||    33
       Freezing Cloud    |       |       |       |       |     2 |   104 ||   106
       Alistair's Intoxi |       |       |       |       |     1 |       ||     1
       Searing Ray       |       |       |       |       |       |    14 ||    14
       Blade Hands       |       |       |       |       |       |     1 ||     1
       Storm Form        |       |       |       |       |       |    40 ||    40
Invok: Purification      |       |     7 |     2 |     4 |       |     4 ||    17
       Heal Self         |       |       |     1 |     3 |     3 |    14 ||    21
       Heal Other        |       |       |       |     1 |     1 |     3 ||     5
       Divine Vigour     |       |       |       |       |       |     3 ||     3
       Divine Shield     |       |       |       |       |       |     1 ||     1
 Abil: Blinkbolt         |       |       |       |       |       |     1 ||     1
  Use: Scroll            |       |     7 |     2 |    18 |     3 |     7 ||    37
       Potion            |       |       |       |       |       |     4 ||     4
 Stab: Sleeping          |       |       |     1 |       |       |     1 ||     2
       Distracted        |       |       |       |       |     1 |       ||     1
       Petrified         |       |       |       |       |     7 |       ||     7
       Petrifying        |       |       |       |       |     1 |       ||     1
Armor: Robe              |    30 |    54 |    12 |       |       |       ||    96
       Skin              |       |     2 |    43 |   177 |   305 |   236 ||   763
       Steam dragon scal |       |       |     2 |     2 |     2 |     3 ||     9
Dodge: Dodged            |    45 |    88 |   322 |   472 |   618 |   572 ||  2117
       Repelled          |       |       |       |     1 |       |       ||     1
Block: Other             |       |       |    16 |    29 |       |     1 ||    46
       Reflection        |       |       |     5 |       |       |       ||     5

Table legend: (Time is in decaauts)
 A = Elapsed time spent in this place.
 B = Non-inter-level travel time spent in this place.
 C = Inter-level travel time spent in this place.
 D = Time resting spent in this place.
 E = Time spent auto-exploring this place.
 F = Levels seen in this place.
 G = Mean time per level.
                   A        B        C        D        E       F      G
               +--------+--------+--------+--------+--------+-----+--------+
         Total |  47276 |  44539 |   2737 |  12121 |  21601 |  31 | 1525.0 |
       Dungeon |  19639 |  18340 |   1299 |   2557 |  11976 |  15 | 1309.3 |
        Temple |    521 |    369 |    152 |    140 |    212 |   1 |  521.0 |
          Lair |   9612 |   8787 |    825 |   2014 |   4767 |   5 | 1922.4 |
         Swamp |  10525 |  10237 |    288 |   4848 |   2699 |   4 | 2631.2 |
   Spider Nest |   2266 |   2233 |     33 |    884 |    809 |   2 | 1133.0 |
  Orcish Mines |   3754 |   3616 |    138 |   1147 |   1020 |   2 | 1877.0 |
         Sewer |    353 |    353 |      0 |    155 |    117 |   1 |  353.0 |
      Ice Cave |    603 |    603 |      0 |    376 |      0 |   1 |  603.0 |
               +--------+--------+--------+--------+--------+-----+--------+

Top non-repeatable levels by time:
 Swamp:1: 3757 daAuts
 Swamp:3: 3540 daAuts
  Lair:5: 2292 daAuts
   Orc:2: 2272 daAuts
  Lair:3: 2245 daAuts
 Swamp:2: 2100 daAuts
  Lair:2: 2031 daAuts
     D:8: 1972 daAuts
Spider:1: 1918 daAuts
     D:9: 1907 daAuts
    D:11: 1839 daAuts
    D:15: 1824 daAuts
  Lair:1: 1740 daAuts
     D:6: 1716 daAuts
     D:4: 1680 daAuts
